 Dungeon Crawl Stone Soup version 0.25-a0-1133-g93ebf739aa (webtiles) character file.

Game seed: 7782948047763861992, levelgen mode: deterministic

327514 Ge0ff the Convoker (level 19, -3/151 HPs)
             Began as a Demigod Summoner on May 18, 2020.
             Shot with a bolt by a yaktaur (15 damage)
             ... on level 2 of the Vaults on May 20, 2020.
             The game lasted 03:24:03 (63824 turns).

Ge0ff the Convoker (Demigod Summoner)              Turns: 63824, Time: 03:24:03

Health: -3/151     AC: 20    Str: 11    XL:     19   Next: 97%
Magic:  16/51      EV: 15    Int: 37    God:
Gold:   990        SH:  9    Dex: 23    Spells: 3/44 levels left

rFire    + . .     SeeInvis +   a - +9 demon trident (flame)
rCold    . . .     Gourm    .   J - +3 warlock's mirror {reflect}
rNeg     + . .     Faith    +   v - +4 troll leather armour
rPois    +         Spirit   .   A - +2 helmet of Asoter {*Corrode +Blink rPois Int+6}
rElec    .         Reflect  +   Q - +2 cloak {rCorr}
rCorr    +         Harm     .   y - +1 pair of gloves {Dex+3}
MR       ++...                  O - +2 pair of boots {Stlth+}
Stlth    ++........             m - amulet of Xom's Capriciousness {Faith +Blink MR+}
HPRegen  0.75/turn              l - ring "Lyizeng" {rF+ MP+9 Slay+2 SInv, =R}
MPRegen  0.32/turn              g - ring of Zumastia {rN+ Dex+4 Stlth-}

@: radiating poison, very slightly contaminated
A: high mp 1
}: 2/15 runes: decaying, serpentine
a: Evoke Blink


You were on level 2 of the Vaults.
You were not hungry.

You visited 8 branches of the dungeon, and saw 37 of its levels.
You also visited: Sewer, Ossuary and Volcano.

You collected 5232 gold pieces.
You spent 4242 gold pieces at shops.

Inventory:

Hand Weapons
 a - a +9 demon trident of flaming (weapon)
 w - the +11 dagger of Suufuena {vorpal, rElec Str+2 Int-5 Dex+3}
   (You took it off a deep elf death mage on level 3 of the Elven Halls)

   It inflicts extra damage upon your enemies.
   It affects your strength (+2).
   It affects your intelligence (-5).
   It affects your dexterity (+3).
   It insulates you from electricity.
Missiles
 b - 1518 arrows (quivered)
Armour
 h - a +0 buckler of poison resistance
 k - the +1 leather armour of Dishonesty {rF++ rC+++ MR- Stlth+}
   (You bought it in a shop on level 2 of the Vaults)

   It greatly protects you from fire.
   It renders you almost immune to cold.
   It affects your resistance to hostile enchantments.
   It makes you more stealthy.
 v - a +4 troll leather armour (worn)
 y - a +1 pair of gloves of dexterity (worn)
 A - the +2 helmet of Asoter (worn) {*Corrode +Blink rPois Int+6}
   (You acquired it on level 1 of the Elven Halls)

   It affects your intelligence (+6).
   It protects you from poison.
   It lets you blink.
   It may corrode you when you take damage.
 J - the +3 warlock's mirror (worn) {reflect}
   (You found it on level 4 of the Swamp)
 O - a +2 pair of boots of stealth (worn)
 Q - a +2 cloak of preservation (worn)
Jewellery
 c - an uncursed ring of protection from magic
 g - the ring of Zumastia (right hand) {rN+ Dex+4 Stlth-}
   (You bought it in a shop on level 1 of the Snake Pit)

   [ring of attention]

   It affects your dexterity (+4).
   It protects you from negative energy.
   It makes you less stealthy.
 l - the ring "Lyizeng" (left hand) {rF+ MP+9 Slay+2 SInv, =R}
   (You found it on level 6 of the Lair of Beasts)

   [ring of magical power]

   It affects your accuracy and damage with ranged weapons and melee attacks
   (+2).
   It protects you from fire.
   It affects your magic capacity (+9).
   It lets you see invisible.
 m - the amulet of Xom's Capriciousness (around neck) {Faith +Blink MR+}
   (You found it on level 14 of the Dungeon)

   [amulet of faith]

   It allows you to gain divine favour quickly.
   It affects your resistance to hostile enchantments.
   It lets you blink.
 x - an uncursed ring of ice
 Y - the ring of Shadows {Umbra +Inv Stlth+}
   (You found it on level 3 of the Elven Halls)

   [ring of stealth]

   It lets you turn invisible.
   It makes you more stealthy.
Wands
 d - a wand of digging (15)
 f - a wand of flame (5)
 j - a wand of acid (6)
 p - a wand of paralysis (6)
 s - a wand of disintegration (22)
 P - a wand of polymorph (3)
Scrolls
 i - 3 scrolls of identify
 B - 6 scrolls of blinking
 C - 26 scrolls of remove curse
 E - 4 scrolls of fear
 F - 5 scrolls of fog
 G - 2 scrolls of enchant weapon
 S - a scroll of summoning
 T - 9 scrolls of teleportation
 V - a scroll of vulnerability
Potions
 o - 7 potions of ambrosia
 q - 10 potions of curing
 z - 6 potions of brilliance
 D - a potion of stabbing
 H - 4 potions of haste {!q}
 I - 3 potions of invisibility
 K - 3 potions of magic {!q}
 M - 6 potions of might
 N - 4 potions of cancellation {!q}
 R - 7 potions of resistance
 W - 12 potions of heal wounds {!q}
 X - a potion of flight
 Z - 4 potions of berserk rage {!q}
Miscellaneous
 n - a phial of floods
 t - a tin of tremorstones (1/3)
 U - 2 phantom mirrors
Comestibles
 r - 45 rations
 L - 6 chunks of flesh


   Skills:
 + Level 9.4 Fighting
 + Level 12.5 Polearms
 + Level 5.1 Armour
 + Level 4.3 Dodging
 - Level 1.7 Stealth
 - Level 4.0 Shields
 * Level 13.3 Spellcasting
 - Level 7.0 Hexes
 - Level 15.0 Summonings
 + Level 3.5 Necromancy
 + Level 6.2 Transmutations
 - Level 5.0 Fire Magic
   Level 10.0 Ice Magic
 - Level 7.0 Air Magic
 + Level 11.5 Earth Magic
 - Level 8.0 Poison Magic
 + Level 10.8 Evocations


You had 3 spell levels left.
You knew the following spells:

 Your Spells              Type           Power        Failure   Level  Hunger
h - Lee's Rapid Deconstr  Erth           #######...   1%          5    None
i - Ignite Poison         Fire/Tmut/Pois ######..     1%          3    None
k - Borgnjor's Vile Clut  Necr/Erth      ######....   2%          5    None
l - Summon Lightning Spi  Summ/Air       #######.     1%          4    None
r - Olgreb's Toxic Radia  Pois           ######..     1%          4    None
s - Summon Demon          Summ           #######...   1%          5    None
u - Aura of Abjuration    Summ           #######...   1%          5    None
v - Summon Mana Viper     Hex/Summ       #######.     1%          5    None
y - Yara's Violent Unrav  Hex/Tmut       ######....   3%          5    None

Your spell library contained the following spells:

 Spells                   Type           Power        Failure   Level  Hunger
 Sandblast                Erth           ######       0%          1    None
 Summon Butterflies       Summ           #######.     0%          1    None
 Summon Small Mammal      Summ           ####         0%          1    None
 Call Imp                 Summ           #######.     0%          2    None
 Call Canine Familiar     Summ           #######.     0%          3    None
 Corona                   Hex            ######.      1%          1    None
 Foxfire                  Conj/Fire      ####         1%          1    None
 Pain                     Necr           ####         1%          1    None
 Shock                    Conj/Air       ####         1%          1    None
 Sting                    Tmut/Pois      ####         1%          1    None
 Corpse Rot               Necr/Air       N/A          1%          2    None
 Ensorcelled Hibernation  Hex/Ice        ######       1%          2    None
 Passwall                 Tmut/Erth      ######..     1%          2    None
 Poisonous Vapours        Pois/Air       ######       1%          2    None
 Sublimation of Blood     Necr           ######....   1%          2    None
 Swiftness                Chrm/Air       ######..     1%          2    None
 Confusing Touch          Hex            ######..     1%          3    None
 Conjure Flame            Conj/Fire      #####...     1%          3    None
 Dazzling Flash           Conj/Hex       ######       1%          3    None
 Inner Flame              Hex/Fire       ######..     1%          3    None
 Mephitic Cloud           Conj/Pois/Air  ######..     1%          3    None
 Ozocubu's Armour         Chrm/Ice       ######..     1%          3    None
 Portal Projectile        Hex/Tloc       ######       1%          3    None
 Recall                   Summ/Tloc      N/A          1%          3    None
 Spectral Weapon          Hex/Chrm       ######..     1%          3    None
 Static Discharge         Conj/Air       ######..     1%          3    None
 Stone Arrow              Conj/Erth      ######       1%          3    None
 Summon Guardian Golem    Hex/Summ       #######.     1%          3    None
 Tukima's Dance           Hex            ######..     1%          3    None
 Vampiric Draining        Necr           ######....   1%          3    None
 Blink                    Tloc           N/A          3%          2    None
 Shroud of Golubria       Chrm/Tloc      ###...       3%          2    None
 Song of Slaying          Chrm           ###.....     3%          2    None
 Gell's Gravitas          Tloc           ###.......   6%          3    None
 Lesser Beckoning         Tloc           ###.......   6%          3    None
 Teleport Other           Tloc           ###.....     6%          3    None
 Airstrike                Air            ######....   1%          4    None
 Cause Fear               Hex            ######....   1%          4    None
 Petrify                  Tmut/Erth      ######..     1%          4    None
 Summon Ice Beast         Ice/Summ       #######.     1%          4    None
 Metabolic Englaciation   Hex/Ice        ######....   1%          5    None
 Shadow Creatures         Summ           N/A          1%          6    ##.....
 Hailstorm                Conj/Ice       ######..     2%          4    None
 Summon Forest            Summ/Tloc      ######....   2%          5    None
 Alistair's Intoxication  Tmut/Pois      ######..     3%          5    None
 Silence                  Hex/Air        ######....   3%          5    None
 Summon Hydra             Summ           #######...   3%          7    #####..
 Animate Dead             Necr           N/A          4%          4    None
 Bolt of Magma            Conj/Fire/Erth ######....   5%          5    None
 Sticky Flame             Conj/Fire      #####...     7%          4    None
 Lightning Bolt           Conj/Air       ######....   13%         5    None
 Irradiate                Conj/Tmut      #####.....   16%         5    None
 Eringya's Noxious Bog    Tmut/Pois      ######....   16%         6    ##.....
 Darkness                 Hex            ######....   17%         6    ##.....
 Invisibility             Hex            ######..     17%         6    ##.....
 Passage of Golubria      Tloc           N/A          19%         4    None
 Fireball                 Conj/Fire      #####.....   19%         5    None
 Hydra Form               Tmut           ######....   22%         6    ##.....
 Freezing Cloud           Conj/Ice/Air   ######....   28%         6    ##.....
 Iron Shot                Conj/Erth      ######....   28%         6    ##.....
 Iskenderun's Battlesphe  Conj/Chrm      ###.....     47%         5    None
 Spellforged Servitor     Conj/Summ      ######....   58%         7    #####..
 Ring of Flames           Chrm/Fire      #####.....   99%         7    #####..
 Orb of Destruction       Conj           ###.......   100%        7    #####..
 Discord                  Hex            ######....   100%        8    ######.


Dungeon Overview and Level Annotations

Branches:
Dungeon (15/15)            Temple (1/1) D:4            Lair (6/6) D:11
  Swamp (4/4) Lair:3        Snake (4/4) Lair:3        Slime (0/5) Lair:5
    Orc (2/2) D:11            Elf (3/3) Orc:2        Vaults (2/5) D:13
 Depths (0/5) D:15          Sewer (visited)         Ossuary (visited)
Volcano (visited)
  Crypt: Vaults:2-3

Shops:
D:5 *   D:7 }   D:9 }   Orc:2 }([[   Elf:1 *   Elf:2 [   Snake:1 =%(:
Vaults:2 [*}(

Portals:
Trove: D:11 (give 7 scrolls of blinking)

Annotations:
Lair:1 stash
Elf:1 Dyalist's ghost, legendary GnFi
Elf:3 Dyalist's ghost, legendary GnFi


Innate Abilities, Weirdness & Mutations

You have an increased reservoir of magic. (+10% MP)


Message History

Confirm with . or Enter, or press ? or * to list all spells.
You ignite the poison in your surroundings!
The wolf spider seems to burn from within!!
The wolf spider is heavily wounded.
The deep troll shaman seems to burn from within!
You kill the deep troll shaman!
The troll leather armour is intact enough to wear.
The deep troll seems to burn from within!
The deep troll is lightly wounded.
The deep troll seems to burn from within!!
The deep troll is heavily wounded.
The wolf spider is poisoned.
The yaktaur is poisoned.
The deep troll is poisoned. x2; The wolf spider hits you!
You block the wolf spider's attack. The wolf spider closely misses you.
The wolf spider misses you. The deep troll bites you!!
* * * LOW HITPOINT WARNING * * *
You block the deep troll's attack. The deep troll claws you!!
* * * LOW HITPOINT WARNING * * *
The yaktaur wields a +0 arbalest.
The yaktaur shoots a bolt.
The bolt hits you!
You die...

... .. ##'###
....# .c.#
##########'##
#........[T.#
#........@T.#
#########s###
#...)......(#
#...........#
#########'###
#..###..###..
#............#
##...####...##
#....(.....#


You could see a wolf spider (poisoned), 2 deep trolls and a yaktaur (poisoned).

Vanquished Creatures
  Jorgrun (Snake:2)
  3 deep elf master archers (Elf:3)
  Asterion (Elf:1)
  6 deep elf blademasters
  Frances (Elf:1)
  3 nagarajas (Snake:4)
  A thorn hunter (Swamp:3)
  6 deep elf sorcerers
  A fire giant (Vaults:1)
  3 vault wardens
  An orc warlord (Orc:2)
  3 deep elf elementalists (Elf:3)
  A ghoul (Vaults:2)
  A stone giant (Vaults:1)
  4 ironheart preservers
  4 deep elf demonologists (Elf:3)
  Azrael (Snake:3)
  6 deep elf annihilators
  An ettin (Orc:2)
  5 deep elf death magi
  A fire dragon (Vaults:2)
  4 vault guards
  3 yaktaur captains
  18 hydras
  Fannar (Lair:1)
  3 deep elf high priests (Elf:3)
  A great orb of eyes (shapeshifter) (D:15)
  3 rakshasas (Vaults:2)
  An ice dragon (Vaults:2)
  2 shambling mangroves
  8 naga warriors
  4 anacondas
  8 centaur warriors
  A ghost crab (Swamp:2)
  9 alligators
  3 catoblepae (Lair:6)
  2 death knights (Vaults:2)
  The ghost of Thantalas the Fighter, a journeyman GrFi of Okawaru (D:11)
  13 two-headed ogres
  18 dancing weapons
  13 death yaks (Lair:6)
  2 ogre magi (Vaults:1)
  A deep troll shaman (Vaults:2)
  Erica (D:11)
  4 orc high priests
  Nergalle (D:11)
  2 tengu warriors (D:15)
  5 spriggans
  10 naga sharpshooters
  7 shock serpents
  A shadow wraith (Vaults:2)
  20 deep elf knights
  A fire crab (Lair:6)
  A death drake (Snake:3)
  A salamander mystic (Snake:1)
  9 skeletal warriors
  4 spriggan druids
  An unseen horror (shapeshifter) (D:15)
  4 wizards
  8 unseen horrors
  A deep troll (shapeshifter) (D:15)
  A deep troll (Vaults:2)
  6 ironbrand convokers
  7 swamp dragons
  A flayed ghost (Vaults:2)
  A naga ritualist (Snake:1)
  A glowing orange brain (D:15)
  6 orc knights
  9 deep elf archers
  A necromancer (Vaults:1)
  Pikel (D:5)
  5 mana vipers
  51 deep elf magi
  4 orc sorcerers
  A cyclops (shapeshifter) (Vaults:2)
  A wolf spider (Vaults:2)
  7 salamanders
  3 manticores
  36 ugly things
  7 cyclopes
  A moth of wrath (Elf:3)
  15 elephants
  An elephant (shapeshifter) (Vaults:1)
  3 centaur zombies
  11 guardian serpents
  17 black mambas
  Joseph (Lair:1)
  A water nymph (Snake:3)
  5 vault sentinels
  9 spiny frogs
  9 naga magi
  A torpor snail (Lair:3)
  2 kobold demonologists (D:10)
  15 yaktaurs
  5 komodo dragons
  A rime drake (Lair:2)
  A tengu conjurer (D:15)
  A redback zombie (D:15)
  A human skeleton (Vaults:1)
  8 trolls
  3 meliai (D:14)
  A queen bee (shapeshifter) (Vaults:2)
  A meliai (shapeshifter) (Vaults:1)
  A wind drake (shapeshifter) (Elf:2)
  A tengu simulacrum (Vaults:1)
  Prince Ribbit (D:6)
  11 hornets
  12 tyrant leeches
  13 blink frogs
  13 slime creatures
  5 hippogriffs
  A raiju (shapeshifter) (D:13)
  9 dream sheep
  5 bog bodies
  A dream sheep (shapeshifter) (D:15)
  A meliai zombie (D:12)
  Sigmund (D:2)
  A spriggan (shapeshifter) (Elf:2)
  2 air elementals
  5 wyverns
  4 wraiths
  3 water elementals
  4 shadows
  27 yaks
  3 hogs (D:7)
  3 basilisks
  2 fire bats (Volcano)
  10 humans (D:13)
  A hungry ghost (D:11)
  11 vampire mosquitoes
  A steam dragon (Lair:3)
  4 fire elementals
  5 wargs
  11 insubstantial wisps
  7 nagas
  22 swamp worms
  7 water moccasins
  A hell hound (Snake:3)
  A soldier ant (D:14)
  5 porcupines
  Duvessa (D:6)
  An ice beast (D:5)
  11 swamp drakes
  Purgy (Sewer)
  4 sky beasts
  53 orc warriors
  An eye of draining (D:10)
  A hornet zombie (D:9)
  A phantom (D:11)
  An ice beast (shapeshifter) (Elf:1)
  An elf skeleton (Vaults:1)
  3 black bears
  An orc skeleton (Vaults:1)
  17 ogres
  2 boggarts (Elf:1)
  32 centaurs
  14 wolves
  19 crocodiles
  5 big kobolds
  Blork the orc (D:4)
  15 bullfrogs
  Dowan (D:5)
  A water moccasin zombie (D:8)
  2 earth elementals
  7 scorpions
  12 killer bees
  A wight (D:15)
  7 howler monkeys
  2 electric eels
  2 bullfrog zombies
  6 crimson imps
  6 lava snakes (Volcano)
  6 hounds
  2 human simulacra
  2 jellies
  A gnoll shaman (D:9)
  20 orc priests
  A bullfrog skeleton (D:11)
  12 centaur skeletons
  Crazy Yiuf (D:3)
  4 iguanas
  Ijyb (D:4)
  30 orc wizards
  12 worker ants
  A mummy (Ossuary)
  A howler monkey zombie (D:6)
  A worker ant zombie (D:11)
  3 gnolls (D:9)
  8 adders
  2 river rats (D:4)
  A shadow imp (D:5)
  2 adder zombies
  An adder skeleton (D:4)
  2 worms
  A dart slug (D:3)
  5 leopard geckos
  115 orcs
  5 ball pythons
  6 giant cockroaches
  A gnoll zombie (Ossuary)
  5 goblins
  7 hobgoblins
  8 jackals
  5 quokkas
  4 bats
  6 frilled lizards
  A goblin zombie (Ossuary)
  3 hobgoblin zombies (Ossuary)
  A jackal skeleton (D:4)
  12 kobolds
  5 kobold zombies (Ossuary)
  3 quokka skeletons
  A quokka zombie (D:6)
  2 rats
  3 rat zombies (Ossuary)
  A fungus (Lair:5)
  A plant (D:11)
1278 creatures vanquished.

Vanquished Creatures (collateral kills)
  Mara (Swamp:4)
  Vashnia (Snake:2)
  Saint Roka (Snake:3)
  Nikola (Snake:1)
  A deep elf blademaster (Elf:3)
  The ghost of Bioph the Warrior, an adept OgVM of Uskayaw (Swamp:1)
  A thorn hunter (Swamp:2)
  18 nagarajas
  Donald (Snake:1)
  A deep elf sorcerer (Elf:1)
  An orc warlord (Orc:1)
  Aizul (Elf:1)
  Josephine (Orc:1)
  A rakshasa (D:15)
  9 hydras
  7 naga warriors
  2 anacondas
  A shambling mangrove (Swamp:3)
  3 alligators
  8 dancing weapons
  2 shock serpents
  3 deep elf knights
  A hell knight (Volcano)
  13 naga sharpshooters
  A skeletal warrior (D:12)
  The ghost of bmj180 the Conjurer, a novice DrCj of Vehumet (D:7)
  3 salamander mystics (Snake:4)
  A naga ritualist (Snake:4)
  6 swamp dragons
  3 mana vipers
  A deep elf mage (Elf:2)
  9 salamanders
  An oklob plant (Lair:6)
  10 naga magi
  12 black mambas
  2 molten gargoyles (Volcano)
  5 guardian serpents
  11 spiny frogs
  A gargoyle (D:6)
  A komodo dragon (Lair:3)
  A freezing wraith (Vaults:2)
  A tyrant leech (Swamp:1)
  A hornet (D:10)
  7 slime creatures
  4 bog bodies
  An air elemental (Elf:1)
  2 hippogriffs
  3 wraiths
  A human (D:7)
  A vampire (D:11)
  5 yaks
  2 fire elementals (Snake:3)
  A hog (D:7)
  4 vampire mosquitoes
  2 hungry ghosts
  29 nagas
  3 insubstantial wisps (Swamp:3)
  3 wargs
  11 water moccasins
  2 hell hounds (Snake:3)
  2 orc warriors (D:11)
  5 swamp drakes
  2 porcupines
  An ice beast (D:10)
  A centaur (Volcano)
  3 ogres (Orc:1)
  A wolf (Lair:2)
  A big kobold (D:11)
  3 bullfrogs
  An electric eel (Snake:3)
  A howler monkey (D:7)
  2 orc priests
  Jessica (D:2)
  2 mummies (Ossuary)
  A hound skeleton (D:6)
  2 howler monkey zombies
  Robin (D:2)
  A river rat (D:4)
  2 adders
  An ooze (D:1)
  A worm (D:2)
  2 leopard geckos
  12 orcs
  A bat (D:1)
  11 goblins
  6 hobgoblins
  7 kobolds
  2 ball pythons (D:4)
  A frilled lizard (D:1)
  A goblin zombie (Ossuary)
  2 quokka skeletons (D:6)
  2 quokka zombies (Ossuary)
  10 rats
  A rat zombie (Ossuary)
325 creatures vanquished.

Vanquished Creatures (others)
  An anaconda (Snake:2)
  A dancing weapon (Elf:2)
  A shock serpent (Snake:3)
  A sea snake (Snake:3)
  An air elemental (Elf:2)
  A slave (D:5)
  A crimson imp (D:5)
  A jelly (D:5)
  A shadow imp (D:5)
  A quokka (D:5)
  40 fungi
  14 plants
64 creatures vanquished.

Grand Total: 1667 creatures vanquished

Notes
Turn   | Place    | Note
-------+----------+-------------------------------------------
     0 | D:1      | Ge0ff the Demigod Summoner began the quest for the Orb.
     0 | D:1      | Reached XP level 1. HP: 14/14 MP: 5/5
    89 | D:1      | Reached skill level 1 in Fighting
   187 | D:1      | Reached XP level 2. HP: 23/23 MP: 5/7
   195 | D:1      | Learned a level 2 spell: Call Imp
   917 | D:2      | Noticed Jessica
   933 | D:2      | Killed Jessica
   933 | D:2      | Reached XP level 3. HP: 29/29 MP: 4/8
  1288 | D:2      | Reached skill level 4 in Summonings
  1318 | D:2      | Noticed Robin
  1340 | D:2      | Killed Robin
  1458 | D:2      | Found an ornate altar of the Wu Jian Council.
  1459 | D:2      | Noticed Sigmund
  1970 | D:3      | Found a runed translucent door.
  1971 | D:3      | Noticed Crazy Yiuf
  1987 | D:3      | Killed Crazy Yiuf
  1987 | D:3      | Reached XP level 4. HP: 36/36 MP: 10/10
  2137 | D:3      | Found a hazy altar of Hepliaklqana.
  2759 | D:4      | Noticed Ijyb
  2781 | D:4      | Killed Ijyb
  2781 | D:4      | Reached XP level 5. HP: 38/42 MP: 11/11
  2809 | D:4      | Noticed Blork the orc
  2823 | D:4      | Killed Blork the orc
  2823 | D:4      | Reached skill level 1 in Polearms
  2823 | D:4      | Reached skill level 1 in Armour
  2880 | D:4      | Found a glowing drain.
  2932 | Sewer    | Entered a sewer
  2946 | Sewer    | Learned a level 3 spell: Call Canine Familiar
  3033 | Sewer    | Noticed Purgy
  3045 | Sewer    | Killed Purgy
  3045 | Sewer    | Reached skill level 5 in Summonings
  3045 | Sewer    | Reached XP level 6. HP: 43/50 MP: 13/13
  3779 | D:4      | Found a staircase to the Ecumenical Temple.
  3810 | Temple   | Entered the Ecumenical Temple
  4125 | D:2      | Killed Sigmund
  4125 | D:2      | Reached XP level 7. HP: 57/57 MP: 15/15
  4426 | D:5      | Entered Level 5 of the Dungeon
  4452 | D:5      | Noticed Pikel
  4464 | D:5      | Killed Pikel
  4464 | D:5      | Reached skill level 6 in Summonings
  4679 | D:5      | Found Wemmohu's Assorted Antiques.
  4688 | D:5      | Bought a scroll labeled RAABEU CEGREMU for 19 gold pieces
  4688 | D:5      | Bought a potion of berserk rage for 95 gold pieces
  4688 | D:5      | Bought a scroll of identify for 38 gold pieces
  4834 | D:5      | Learned a level 4 spell: Summon Lightning Spire
  4839 | D:5      | Learned a level 4 spell: Summon Ice Beast
  4924 | D:5      | Reached XP level 8. HP: 56/63 MP: 17/17
  5123 | D:5      | Reached skill level 1 in Air Magic
  5566 | D:6      | Reached skill level 1 in Ice Magic
  5715 | D:6      | Reached skill level 7 in Summonings
  6016 | D:6      | Noticed Prince Ribbit
  6032 | D:6      | Noticed Duvessa
  6035 | D:6      | Noticed Dowan
  6048 | D:6      | Killed Duvessa
  6054 | D:5      | Killed Dowan
  6131 | D:6      | Killed Prince Ribbit
  6371 | D:6      | Found a sacrificial altar of Ru.
  6562 | D:6      | Identified the cursed +1 plate armour "Xobatsat" {Str+3}
  6568 | D:6      | Noticed a gargoyle
  6811 | D:6      | Killed a gargoyle
  6811 | D:6      | Reached XP level 9. HP: 54/69 MP: 19/19
  7184 | D:7      | Found a hide-covered altar of Uskayaw.
  7252 | D:7      | Found Lauxio's Gadget Shoppe.
  7270 | D:7      | Found a snail-covered altar of Cheibriados.
  7441 | D:7      | Found a sand-covered staircase.
  7448 | Ossuary  | Entered an ossuary
  7781 | D:7      | Noticed bmj180's ghost (novice DrCj)
  7792 | D:7      | Found a transporter.
  7797 | D:7      | Found a transporter.
  7911 | D:7      | Reached skill level 5 in Spellcasting
  8094 | D:7      | Reached skill level 5 in Polearms
  8413 | D:8      | Found a white marble altar of Elyvilon.
  8537 | D:8      | Reached skill level 5 in Air Magic
  8574 | D:8      | Learned a level 2 spell: Poisonous Vapours
  8867 | D:8      | Reached skill level 5 in Ice Magic
  9002 | D:8      | Found a hide-covered altar of Uskayaw.
  9009 | D:8      | Reached skill level 1 in Poison Magic
  9035 | D:8      | Found a bloodstained altar of Trog.
  9096 | D:8      | Noticed a two-headed ogre
  9107 | D:8      | Killed a two-headed ogre
  9107 | D:8      | Reached XP level 10. HP: 67/77 MP: 21/21
  9720 | D:9      | Reached skill level 8 in Summonings
  9836 | D:9      | Found a shimmering altar of Xom.
  9929 | D:9      | Found Bujonun's Gadget Emporium.
 10136 | D:9      | Found a basalt altar of Yredelemnul.
 10412 | D:9      | You fall into a shaft and drop 1 floor!
 10412 | D:10     | Entered Level 10 of the Dungeon
 10851 | D:10     | Noticed an unseen horror
 10856 | D:10     | Killed an unseen horror
 11437 | D:9      | Found a stormy altar of Qazlal.
 11437 | D:9      | Found a shadowy altar of Dithmenos.
 12051 | D:10     | Noticed a soul eater
 12495 | D:11     | Reached XP level 11. HP: 82/82 MP: 20/23
 13231 | D:11     | Noticed Erica
 13259 | D:11     | Found a runed translucent gate.
 13260 | D:11     | Found a runed translucent gate.
 13260 | D:11     | Found an opulent altar of Gozag.
 13261 | D:11     | Found a runed translucent gate.
 13263 | D:11     | Noticed Thantalas's ghost (journeyman GrFi)
 13263 | D:11     | Noticed a two-headed ogre
 13278 | D:11     | Killed a two-headed ogre
 13778 | D:11     | Noticed Nergalle
 13795 | D:11     | Killed Nergalle
 13935 | D:11     | Found a staircase to the Lair.
 14222 | D:11     | Found a staircase to the Orcish Mines.
 14301 | D:11     | Found a shattered altar of Ashenzari.
 14790 | D:11     | Reached skill level 9 in Summonings
 14970 | D:11     | Noticed a vault guard
 14994 | D:11     | Killed a vault guard
 15057 | D:11     | Found a portal to a secret trove of treasure.
 15187 | D:11     | Killed Erica
 15301 | Lair:1   | Entered Level 1 of the Lair of Beasts
 15333 | Lair:1   | Learned a level 3 spell: Ignite Poison
 15338 | Lair:1   | Learned a level 4 spell: Olgreb's Toxic Radiance
 15756 | Lair:1   | Noticed Fannar
 15795 | Lair:1   | Killed Fannar
 15795 | Lair:1   | Reached skill level 1 in Transmutations
 15795 | Lair:1   | Reached skill level 1 in Fire Magic
 16072 | Lair:1   | Got a translucent bardiche
 16073 | Lair:1   | Identified the +9 bardiche of Joseown {vamp, +Blink rF-
                  | rC++ Int+2} (You found it on level 1 of the Lair of Beasts)
 16076 | Lair:1   | Noticed Joseph
 16085 | Lair:1   | Killed Joseph
 16875 | Lair:2   | Upgraded the game from 0.25-a0-1119-g28b6fd0c3b to
                  | 0.25-a0-1130-g3926558f3a
 17123 | Lair:2   | Got a transparent flail
 17124 | Lair:2   | Identified the +8 flail of Dishonesty {venom, SInv} (You
                  | found it on level 2 of the Lair of Beasts)
 17201 | Lair:2   | Reached skill level 5 in Fighting
 17201 | Lair:2   | Reached XP level 12. HP: 78/94 MP: 15/26
 17384 | Lair:2   | Noticed a six-headed hydra
 17391 | Lair:2   | Killed a six-headed hydra
 17989 | Lair:2   | You fall into a shaft and drop 1 floor!
 18158 | Lair:3   | Found a staircase to the Snake Pit.
 18845 | Lair:3   | Reached skill level 5 in Poison Magic
 19230 | Lair:3   | Noticed an eight-headed hydra
 19238 | Lair:3   | Killed an eight-headed hydra
 19670 | Lair:3   | Noticed a six-headed hydra
 19679 | Lair:3   | Killed a six-headed hydra
 19810 | Lair:3   | Found a staircase to the Swamp.
 20020 | Lair:4   | Noticed a six-headed hydra
 20027 | Lair:4   | Reached skill level 5 in Transmutations
 20027 | Lair:4   | Reached skill level 5 in Fire Magic
 20214 | Lair:4   | Killed a six-headed hydra
 20415 | Lair:5   | Found a dark tunnel.
 20420 | Volcano  | Entered a volcano
 20923 | Volcano  | Found a burning altar of Makhleb.
 20923 | Volcano  | Noticed a centaur warrior
 20928 | Volcano  | Killed a centaur warrior
 20928 | Volcano  | Reached skill level 1 in Evocations
 21660 | Lair:5   | Found a sacrificial altar of Ru.
 22066 | Lair:5   | Reached XP level 13. HP: 100/100 MP: 15/27
 22236 | Lair:5   | Found a viscous altar of Jiyva.
 22237 | Lair:5   | Found a staircase to the Slime Pits.
 22778 | Lair:6   | Entered Level 6 of the Lair of Beasts
 22786 | Lair:6   | Reached skill level 1 in Shields
 23998 | Lair:6   | Reached skill level 10 in Summonings
 24430 | Lair:6   | Found an ancient bone altar of Kikubaaqudgha.
 25231 | Lair:6   | Got a scorched silver ring
 25235 | Lair:6   | Identified the ring "Lyizeng" {rF+ MP+9 Slay+2 SInv} (You
                  | found it on level 6 of the Lair of Beasts)
 25691 | D:7      | Reached XP level 14. HP: 107/107 MP: 28/30
 25822 | D:7      | Killed bmj180's ghost
 25980 | D:11     | Killed Thantalas's ghost
 26574 | D:12     | You fall into a shaft and drop 1 floor!
 27999 | D:13     | Reached skill level 5 in Evocations
 28789 | D:13     | Found a gate to the Vaults.
 29007 | D:14     | Got an ancient bronze amulet
 29085 | D:14     | Identified the amulet of Xom's Capriciousness {Faith +Blink
                  | MR+} (You found it on level 14 of the Dungeon)
 29588 | D:14     | Learned a level 5 spell: Summon Mana Viper
 30103 | D:15     | Entered Level 15 of the Dungeon
 30112 | D:15     | Found a shimmering altar of Xom.
 30223 | D:15     | Reached skill level 1 in Hexes
 30290 | D:15     | Reached skill level 11 in Summonings
 30996 | D:15     | Reached skill level 10 in Ice Magic
 31177 | D:15     | Reached XP level 15. HP: 115/115 MP: 18/32
 31453 | D:15     | Found a staircase to the Depths.
 31838 | Orc:1    | Entered Level 1 of the Orcish Mines
 31841 | Orc:1    | Paralysed by an orc sorcerer for 5 turns
 31957 | Orc:1    | Noticed Josephine
 32364 | Orc:1    | Killed Josephine
 32553 | Orc:2    | Entered Level 2 of the Orcish Mines
 32553 | Orc:2    | Found a staircase to the Elven Halls.
 32734 | Orc:2    | Found a roughly hewn altar of Beogh.
 33163 | Orc:2    | Found a roughly hewn altar of Beogh.
 33183 | Orc:2    | Found Zimnixt's Gadget Emporium.
 33713 | Orc:2    | Reached skill level 5 in Hexes
 33784 | Orc:2    | Found a roughly hewn altar of Beogh.
 33906 | Orc:2    | Paralysed by an orc sorcerer for 4 turns
 33917 | Orc:2    | Found Tentopne's Antique Weapon Shop.
 33918 | Orc:2    | Found a roughly hewn altar of Beogh.
 33925 | Orc:2    | Found Burghuz's Antique Armour Boutique.
 34127 | Orc:2    | Found a roughly hewn altar of Beogh.
 34129 | Orc:2    | Found Neisa's Armour Shop.
 34176 | Orc:2    | Bought the +1 leather armour of Plog {rPois} for 327 gold
                  | pieces
 34249 | Orc:2    | Found a roughly hewn altar of Beogh.
 34294 | Orc:2    | Learned a level 5 spell: Lee's Rapid Deconstruction
 34451 | Swamp:1  | Entered Level 1 of the Swamp
 34598 | Swamp:1  | Found a runed translucent door.
 34812 | Swamp:1  | Reached skill level 1 in Earth Magic
 35597 | Swamp:1  | Noticed Bioph's ghost (adept OgVM)
 36544 | Swamp:2  | Noticed a thorn hunter
 36560 | Swamp:2  | Killed a thorn hunter
 37268 | Swamp:2  | Reached skill level 10 in Polearms
 37809 | Swamp:3  | Reached XP level 16. HP: 43/126 MP: 14/34
 39133 | Swamp:4  | Entered Level 4 of the Swamp
 39133 | Swamp:4  | Noticed Mara
 39257 | Swamp:4  | Found the +3 warlock's mirror {reflect}
 39779 | Swamp:3  | Reached skill level 5 in Earth Magic
 40080 | Swamp:4  | Reached skill level 12 in Summonings
 40369 | Swamp:4  | Reached skill level 10 in Spellcasting
 40783 | Swamp:4  | Got a decaying rune of Zot
 41364 | Swamp:4  | Killed Mara
 41841 | Snake:1  | Entered Level 1 of the Snake Pit
 41848 | Snake:1  | Found Qyumiul's Jewellery Shop.
 41848 | Snake:1  | Found Taiwuu's Food Boutique.
 41852 | Snake:1  | Found Zutt's Weapon Shop.
 41877 | Snake:1  | Bought an uncursed ring of poison resistance for 260 gold
                  | pieces
 41877 | Snake:1  | Bought the ring of Zumastia {rN+ Dex+4 Stlth-} for 352 gold
                  | pieces
 42156 | Snake:1  | Identified the +0 pair of gloves of Seczeupn {Harm *Drain
                  | +Blink SInv}
 42156 | Snake:1  | Noticed Nikola
 42170 | Snake:1  | Killed Nikola
 42940 | Snake:1  | Noticed Donald
 43484 | Snake:1  | Found Puskiph's Book Emporium.
 43487 | Snake:1  | Bought a book of Summonings for 1330 gold pieces
 43493 | Snake:1  | Learned a level 5 spell: Summon Demon
 43690 | Snake:1  | Killed Donald
 44118 | Snake:2  | Noticed Vashnia
 45251 | Snake:2  | Killed Vashnia
 45390 | Snake:2  | Reached XP level 17. HP: 58/134 MP: 33/36
 45416 | Snake:1  | Learned a level 5 spell: Aura of Abjuration
 45504 | Snake:2  | Noticed Jorgrun
 45516 | Snake:2  | Killed Jorgrun
 47376 | Snake:3  | Noticed Azrael
 47393 | Snake:3  | Killed Azrael
 47765 | Snake:3  | Noticed Saint Roka
 47939 | Snake:3  | Killed Saint Roka
 48178 | Snake:4  | Entered Level 4 of the Snake Pit
 48719 | Snake:4  | Identified the +9 hunting sling of War {flame, rPois}
 49376 | Snake:4  | Reached skill level 13 in Summonings
 51564 | Snake:4  | Got a serpentine rune of Zot
 51780 | Elf:1    | Entered Level 1 of the Elven Halls
 51868 | Elf:1    | Found Koynore's General Store.
 51889 | Elf:1    | Found a runed translucent gate.
 51889 | Elf:1    | Found a runed translucent gate.
 51890 | Elf:1    | Found a runed translucent gate.
 51890 | Elf:1    | Noticed Dyalist's ghost (legendary GnFi)
 51895 | Elf:1    | Noticed Frances
 51902 | Elf:1    | Killed Frances
 52112 | Elf:1    | Noticed Asterion
 52122 | Elf:1    | Reached XP level 18. HP: 116/145 MP: 10/38
 52576 | Elf:1    | Killed Asterion
 52581 | Elf:1    | Noticed Aizul
 52598 | Elf:1    | Killed Aizul
 52902 | Elf:1    | Identified a scroll of acquirement
 53142 | Elf:1    | Got the +2 helmet of Asoter {*Corrode +Blink rPois Int+6}
 53914 | Elf:2    | Found a runed translucent gate.
 53914 | Elf:2    | Found a runed translucent gate.
 53915 | Elf:2    | Found a runed translucent gate.
 54392 | Elf:2    | Found Hudduem's Antique Armour Shop.
 54398 | Elf:2    | Got a vibrating bone ring
 54399 | Elf:2    | Identified the ring "Muelaeti" {+Blink rF+ AC+4} (You found
                  | it on level 2 of the Elven Halls)
 54992 | Elf:2    | Reached skill level 10 in Earth Magic
 55293 | Elf:2    | Reached skill level 14 in Summonings
 55785 | Elf:1    | You fall into a shaft and drop 1 floor!
 55961 | Elf:3    | Entered Level 3 of the Elven Halls
 56030 | Elf:3    | Identified the +3 rapier of Mitasha {antimagic, Dex+2 SInv}
 56030 | Elf:3    | Identified the +10 rapier "Nuirgh" {protect, +Rage}
 56031 | Elf:3    | Found a bloodstained altar of Trog.
 56031 | Elf:3    | Noticed Dyalist's ghost (legendary GnFi)
 56032 | Elf:3    | Identified the +12 rapier "Sarcophage" {antimagic, rF+}
 56032 | Elf:3    | Identified the +10 rapier "Embalmer" {vamp, *Corrode +Inv
                  | rElec rC+}
 56042 | Elf:3    | Identified the +4 longbow of the Stork {freeze, rC+++ rN++
                  | Int-2 Dex+2}
 56047 | Elf:3    | Found a transporter.
 56068 | Elf:3    | Found a transporter.
 56338 | Elf:3    | Reached skill level 10 in Evocations
 56467 | Elf:3    | Found an ancient bone altar of Kikubaaqudgha.
 57284 | Elf:3    | Identified the ring of the Ageless Planets {rN+ Int+2}
 57286 | Elf:3    | Identified the +11 dagger of Suufuena {vorpal, rElec Str+2
                  | Int-5 Dex+3}
 57286 | Elf:3    | Identified the +3 leather armour of a Gauntlet {rC+ Str+3}
 57290 | Elf:3    | Identified the +1 short sword "Ukofel" {speed, rPois rF+
                  | Stlth-}
 57292 | Elf:3    | Reached XP level 19. HP: 151/151 MP: 11/41
 57813 | Elf:3    | Identified the Handbook of Torrid Sinister Magic
 57821 | Elf:3    | Found the ring of Shadows {Umbra +Inv Stlth+}
 57826 | Elf:3    | Identified the Disquisition on Fiery Displacement
 57848 | Elf:3    | Identified the Compendium of the Engineer
 58925 | Swamp:1  | Killed Bioph's ghost
 59000 | Swamp:1  | Got a bloodstained morningstar
 59001 | Swamp:1  | Identified the +11 morningstar of the Median {protect, rC-
                  | rN+ Str+3 Dex+2} (You found it on level 1 of the Swamp)
 59009 | Swamp:1  | Learned a level 5 spell: Borgnjor's Vile Clutch
 59015 | Swamp:1  | Learned a level 5 spell: Yara's Violent Unravelling
 59250 | Vaults:1 | Entered Level 1 of the Vaults
 59579 | Vaults:1 | Reached skill level 1 in Necromancy
 61201 | Vaults:1 | Reached skill level 15 in Summonings
 61520 | Vaults:1 | Upgraded the game from 0.25-a0-1130-g3926558f3a to
                  | 0.25-a0-1133-g93ebf739aa
 61836 | Snake:1  | Bought a book of Alchemy for 1425 gold pieces
 62079 | Vaults:2 | Found Qimeth's Distillery.
 62082 | Vaults:2 | Got a faintly glowing plate armour {don't wear}
 62591 | Vaults:2 | Found Pefa Wai's Weapon Shop.
 63080 | Vaults:2 | Reached skill level 5 in Armour
 63136 | Vaults:2 | Found Waedep's General Store.
 63260 | Vaults:2 | Found Xoerootz's Antique Armour Shop.
 63268 | Vaults:2 | Bought a pair of glowing gloves for 135 gold pieces
 63268 | Vaults:2 | Bought an ichor-stained leather armour for 126 gold pieces
 63268 | Vaults:2 | Bought a shiny buckler for 135 gold pieces
 63322 | Vaults:2 | Found Togaceut's Gadget Emporium.
 63735 | Vaults:2 | Got a dazzling leather armour
 63736 | Vaults:2 | Identified the +1 leather armour of Dishonesty {rF++ rC+++
                  | MR- Stlth+} (You bought it in a shop on level 2 of the
                  | Vaults)
 63737 | Vaults:2 | Identified the +5 leather armour of Yhotue {Str+2} (You
                  | found it on level 2 of the Vaults)
 63824 | Vaults:2 | Shot with a bolt by a yaktaur

Illustrated notes

Levels and vault maps discovered:
D:1:      lightli_arrival_lavapool, layout_loops_ring, minmay_strange_pillars
D:2:      layout_loops_cross, lemuel_round_altar, uniq_jessica, uniq_robin,
          uniq_sigmund
D:3:      layout_loops_ring, lemuel_coloured_pillars_altar,
          kennysheep_generic_room_12, uniq_crazy_yiuf_cottage
D:4:      layout_basic, minmay_temple_entry_large_hall, portal_sewer_entry_a,
          uniq_ijyb, uniq_blork_the_orc
D:5:      layout_loops_corners, serial_shops, shop, first_ration, uniq_pikel
D:6:      kennysheep_windowed_halls, layout_rooms, lemuel_round_altar,
          uniq_duvessa, uniq_prince_ribbit1
D:7:      corexii_shack_village, layout_loops_cross, old_standard_altar,
          gammafunk_ghost_hive, enter_ossuary_1, serial_shops,
          nicolae_shop_trees, basic_altar, grunt_livestock
D:8:      layout_loops_ring, gammafunk_temple_overflow_statue,
          kennysheep_mini_moat
D:9:      layout_roguey, yredelemnul_altar_generic, xom_confusion_cloud,
          gammafunk_temple_overflow_wave, serial_shops, shop, st_stairs_6,
          kennysheep_generic_room_2
D:10:     layout_irregular_city, hangedman_glass_teeth, minivault_22
D:11:     layout_stronghold, due_lair_maze_entry_diamond, hiddenorc1_lemuel,
          basic_altar, ebering_ghost_gozag, enter_trove_5,
          minmay_misc_feat_ornament, uniq_nergalle, uniq_erica
D:12:     layout_stronghold
D:13:     layout_irregular_city, ximxim_vaults_locker_room, minivault_27
D:14:     layout_loops_cross, minivault_24, minmay_misc_feat_tiny,
          small_statue_intersection, due_unseen_surprise
D:15:     gammafunk_enter_depths_forms, layout_irregular_city, basic_altar,
          serial_park_square3 [serial_park_minivault_5x5_8]
Temple:   minmay_temple_curvy_loop
Lair:1:   layout_cave_pods, nicolae_quartered_pool_little, lemuel_fruit_tree,
          uniq_joseph, uniq_fannar
Lair:2:   layout_cave_pods, grunt_megastairs_4, serial_bayou_shore_b
Lair:3:   layout_small_grid, palyth_hydra_swamp_entry,
          minmay_snake_entry_six_corridors, chequers_serial_rivers_small_a
Lair:4:   layout_hall_layers
Lair:5:   layout_gridlike, slime_altar_1, enter_volcano_4, basic_altar,
          fungi_pond_lemuel
Lair:6:   evilmike_catoblepas_cave, layout_regular_city, lemuel_centaur_altar
Swamp:1:  layout_falls_marsh, ebering_ghost_reflecting_pool,
          nicolae_swamp_fairy_circle, swamp_pool3
Swamp:2:  layout_basic_swamp, evilmike_swamp_ruin_house_1
Swamp:3:  layout_basic_swamp, infiniplex_staircase_pool, swamp_pool1,
          st_swamp_ruins_1
Swamp:4:  swamp, layout_basic_swamp, uniq_mara
Snake:1:  layout_layer_cave, special_room, serial_shops,
          nicolae_shop_behind_doors, minmay_shop_star, uniq_donald, uniq_nikola
Snake:2:  layout_onion_interference, uniq_jorgrun, uniq_vashnia
Snake:3:  layout_chambers, guppyfry_snake_island, uniq_saint_roka, uniq_azrael
Snake:4:  snake_hunt, layout_cave_town, st_stairs_11
Orc:1:    layout_caves, uniq_josephine
Orc:2:    grunt_orc_community_town_hall, layout_caves,
          grunt_orc_community_big_house_1, grunt_orc_community_big_house_2,
          grunt_orc_community_house_3, grunt_orc_community_house_2,
          grunt_orc_community_house_2, grunt_orc_community_house_1,
          grunt_orc_community_house_2
Elf:1:    minmay_elf_arrival_plus, layout_loops_ring, gammafunk_ghost_split,
          serial_shops, shop, hangedman_elf_disciples, grunt_ministairs_2,
          uniq_frances, uniq_asterion, uniq_aizul
Elf:2:    layout_geoelf_octagon, serial_shops, shop
Elf:3:    elf_hall, layout_geoelf_octagon, basic_altar,
          gammafunk_ghost_wrathful_warriors
Vaults:1: vaults_room_stairs_pillars, nicolae_vaults_specimen_jars,
          vaults_room_octagon, v_misc_2, v_misc_17, ontoclasm_vaults_fault,
          vaults_room_semicircle, nicolae_vaults_yaktaur_gun_rack,
          layout_vaults_quadrants
Vaults:2: nicolae_vaults_what_the_h, hangedman_vaults_impose,
          vaults_room_stairs_pillars, vaults_room_octagon,
          vaults_room_ringed_pool, vaults_mumra_lcd, nicolae_vaults_minivaults,
          nicolae_vaults_little_ls, v_misc_11, grunt_vaults_funnel,
          vaults_dpeg_cross, hangedman_vaults_capsules, vaults_dpeg_ring,
          layout_vaults_omnibox, serial_shops, shop, shop, shop, shop, shop

Skill      XL: |  1  2  3  4  5  6  7  8  9 10 11 12 13 14 15 16 17 18 19 |
---------------+----------------------------------------------------------+-----
Fighting       | 1 2 3 5 6 7 8 9 |  9.4
Spellcasting   | 2 3 4 5 6 7 8 9 10 11 12 13 | 13.3
Summonings     | 4 5 6 7 8 9 10 11 12 13 14 15 | 15.0
Dodging        | 2 3 4 |  4.3
Polearms       | 1 2 3 4 5 6 8 9 10 11 12 | 12.5
Armour         | 1 2 3 4 5 |  5.1
Air Magic      | 3 5 6 7 |  7.0
Ice Magic      | 3 5 6 7 8 9 10 | 10.0
Poison Magic   | 1 3 7 8 |  8.0
Transmutations | 2 5 6 |  6.2
Fire Magic     | 2 5 |  5.0
Evocations     | 1 4 6 7 8 9 10 | 10.8
Shields        | 3 4 |  4.0
Hexes          | 3 6 7 |  7.0
Earth Magic    | 4 7 9 10 11 | 11.5
Necromancy     | 3 |  3.5
Stealth        | |  1.7

Action                   |  1- 3 |  4- 6 |  7- 9 | 10-12 | 13-15 | 16-18 | 19-21 || total
-------------------------+-------+-------+-------+-------+-------+-------+-------++-------
Melee: Unarmed           |    56 |       |       |       |       |       |       ||    56
       Spear             |    18 |   110 |   288 |   178 |       |       |       ||   594
       Short sword       |     4 |       |       |       |       |       |       ||     4
       Trident           |       |       |   167 |   337 |     5 |     7 |       ||   516
       Halberd           |       |       |       |    15 |   561 |   143 |       ||   719
       Staff             |       |       |       |     1 |       |       |       ||     1
       Demon trident     |       |       |       |       |       |   530 |   203 ||   733
Throw: Stone             |    14 |    19 |    35 |    16 |    28 |    42 |       ||   154
 Cast: Summon Small Mamm |    16 |       |       |       |       |       |       ||    16
       Call Imp          |    25 |    11 |     6 |     5 |       |       |       ||    47
       Call Canine Famil |       |       |    12 |     6 |     4 |       |       ||    22
       Poisonous Vapours |       |       |    10 |   374 |   201 |    83 |     7 ||   675
       Summon Lightning  |       |       |       |    14 |    10 |    21 |       ||    45
       Ignite Poison     |       |       |       |    40 |   159 |    96 |    51 ||   346
       Summon Ice Beast  |       |       |       |    48 |    73 |    62 |       ||   183
       Olgreb's Toxic Ra |       |       |       |    21 |   148 |    65 |    60 ||   294
       Summon Mana Viper |       |       |       |       |     8 |    78 |     6 ||    92
       Summon Demon      |       |       |       |       |       |   162 |    13 ||   175
       Lee's Rapid Decon |       |       |       |       |       |    65 |    26 ||    91
       Aura of Abjuratio |       |       |       |       |       |    13 |       ||    13
       Borgnjor's Vile C |       |       |       |       |       |       |    71 ||    71
       Yara's Violent Un |       |       |       |       |       |       |     3 ||     3
 Abil: Evoke Blink       |       |       |       |       |     3 |    14 |     2 ||    19
       Evoke Invisibilit |       |       |       |       |       |       |     4 ||     4
Evoke: Wand              |       |       |     1 |     2 |    21 |   118 |     1 ||   143
       Phial of floods   |       |       |       |       |     2 |     6 |     1 ||     9
       Tin of tremorston |       |       |       |       |     6 |    16 |     5 ||    27
  Use: Scroll            |       |    10 |     9 |    14 |    15 |    23 |     9 ||    80
       Potion            |       |     2 |       |       |     1 |    10 |       ||    13
 Stab: Sleeping          |     2 |     2 |     1 |     1 |     2 |     1 |       ||     9
       Distracted        |       |       |     5 |       |     7 |    17 |     2 ||    31
       Confused          |       |       |       |     1 |       |       |       ||     1
       Paralysed         |       |       |       |       |       |    13 |       ||    13
  Eat: Chunk             |     5 |     8 |    17 |    40 |    35 |    28 |    15 ||   148
       Ration            |       |       |       |     3 |     6 |    16 |     2 ||    27
Armor: Robe              |    20 |    21 |     6 |       |       |       |       ||    47
       Leather armour    |       |       |   108 |   101 |       |       |       ||   209
       Troll leather arm |       |       |       |   140 |   279 |   231 |    57 ||   707
       Skin              |       |       |       |       |    14 |    29 |       ||    43
Dodge: Dodged            |    63 |    43 |   180 |   405 |   439 |   309 |   102 ||  1541
Block: Buckler           |       |       |       |       |       |   199 |    88 ||   287
       Reflection        |       |       |       |       |       |    45 |    19 ||    64

Table legend:
 A = Non-vault XP
 B = Vault XP
 C = Vault XP percentage of total XP
 D = Non-vault monster count
 E = Vault monster count
 F = Vault count percentage of total count
                 A         B        C        D         E       F
            +---------+---------+-------+---------+---------+-------
      Total |  326688 |  234598 |  41.8 |    1058 |     545 |  34.0
            +---------+---------+-------+---------+---------+-------
        D:1 |      33 |       0 |   0.0 |      23 |       0 |   0.0
        D:2 |      10 |     259 |  96.3 |       6 |      15 |  71.4
        D:3 |      38 |      33 |  46.5 |      12 |       1 |   7.7
        D:4 |     222 |     156 |  41.3 |      18 |      11 |  37.9
        D:5 |     375 |     678 |  64.4 |      18 |       2 |  10.0
        D:6 |     742 |     955 |  56.3 |      22 |      17 |  43.6
        D:7 |     574 |    1964 |  77.4 |      15 |      23 |  60.5
        D:8 |    1876 |       0 |   0.0 |      14 |       0 |   0.0
        D:9 |    1312 |     402 |  23.5 |      15 |       7 |  31.8
       D:10 |    4305 |       0 |   0.0 |      47 |       0 |   0.0
       D:11 |    3412 |    5248 |  60.6 |      42 |      37 |  46.8
       D:12 |    6315 |       0 |   0.0 |      24 |       0 |   0.0
       D:13 |   12656 |    3883 |  23.5 |      31 |      12 |  27.9
       D:14 |    4951 |    2925 |  37.1 |      31 |       4 |  11.4
       D:15 |   16614 |    7283 |  30.5 |      32 |      17 |  34.7
     Lair:1 |    1803 |    1365 |  43.1 |      12 |       2 |  14.3
     Lair:2 |    4010 |     107 |   2.6 |      21 |       1 |   4.5
     Lair:3 |    3589 |    3358 |  48.3 |      20 |      20 |  50.0
     Lair:4 |    3593 |       0 |   0.0 |       9 |       0 |   0.0
     Lair:5 |    6004 |       0 |   0.0 |      27 |       0 |   0.0
     Lair:6 |   14966 |   13647 |  47.7 |      47 |      27 |  36.5
    Swamp:1 |    9486 |    1307 |  12.1 |      32 |       1 |   3.0
    Swamp:2 |   13184 |       0 |   0.0 |      28 |       0 |   0.0
    Swamp:3 |   15887 |    8213 |  34.1 |      56 |      11 |  16.4
    Swamp:4 |    9527 |   16264 |  63.1 |      30 |      23 |  43.4
    Snake:1 |   17955 |    3585 |  16.6 |      42 |       2 |   4.5
    Snake:2 |   10189 |    9031 |  47.0 |      21 |       7 |  25.0
    Snake:3 |   16870 |    8467 |  33.4 |      42 |      26 |  38.2
    Snake:4 |   17763 |   28917 |  61.9 |      39 |      51 |  56.7
      Orc:1 |    5758 |    1054 |  15.5 |      32 |       5 |  13.5
      Orc:2 |    4836 |    8005 |  62.3 |      42 |      68 |  61.8
      Elf:1 |   13993 |   19335 |  58.0 |      23 |      26 |  53.1
      Elf:2 |   10909 |   20658 |  65.4 |      25 |      30 |  54.5
      Elf:3 |   20419 |   53577 |  72.4 |      30 |      33 |  52.4
   Vaults:1 |   41468 |    3421 |   7.6 |      78 |       7 |   8.2
   Vaults:2 |   31044 |    6938 |  18.3 |      52 |      13 |  20.0
      Sewer |       0 |     135 | 100.0 |       0 |       9 | 100.0
    Ossuary |       0 |      63 | 100.0 |       0 |      21 | 100.0
    Volcano |       0 |    3365 | 100.0 |       0 |      16 | 100.0
            +---------+---------+-------+---------+---------+-------
